 Dungeon Crawl Stone Soup version 0.32-a0-43-g058985b245 (webtiles) character file.

Game seed: 5626980628283527292

185 BubbleThief the Apothecary (level 5, 36/42 HPs)
             Began as a Naga Alchemist on Jan 17, 2024.
             Quit the game on level 3 of the Dungeon on Feb 4, 2024.
             The game lasted 00:07:41 (2474 turns).

BubbleThief the Apothecary (Naga Alchemist)         Turns: 2474, Time: 00:07:42

Health: 36/42      AC:  4    Str: 10    XL:     5   Next: 64%
Magic:  2/10       EV: 10    Int: 17    God:
Gold:   93         SH:  0    Dex: 12    Spells: 2/10 levels left

rFire   . . .        l - +4 dagger
rCold   . . .        (no shield)
rNeg    . . .        a - +0 robe
rPois   +            r - +0 helmet
rElec   .            (no cloak)
rCorr   .            u - +0 pair of gloves
SInv    +            (no barding)
Will    .....        (no amulet)
Stlth   ++           (no ring)
HPRegen 0.27/turn    (no ring)
MPRegen 0.12/turn

%: no passive effects
@: short of breath, very slightly contaminated, very slow
A: AC +1, large, see invisible, deformed body, poison resistance, slowness 2,
spit poison 1, naga tail 1
a: Spit Poison


You were on level 3 of the Dungeon.
You visited 1 branch of the dungeon, and saw 3 of its levels.

You collected 93 gold pieces.

Inventory:

Hand Weapons
 l - a +4 dagger (weapon)
 p - a +1 dagger of flaming
 q - a +2 dagger of freezing
 s - a +1 dagger of venom
Missiles
 g - a throwing net
Armour
 a - a +0 robe (worn)
 o - a +0 buckler
 r - a +0 helmet (worn)
 u - a +0 pair of gloves (worn)
Jewellery
 n - a +4 ring of slaying
Scrolls
 d - 2 scrolls of noise {unknown}
 e - a scroll of immolation {unknown}
 f - a scroll of revelation {unknown}
 h - a scroll of torment {unknown}
 j - a scroll of teleportation {unknown}
 k - a scroll of fear {unknown}
 t - 2 scrolls of identify {unknown}
Potions
 b - 2 potions of magic
 c - 2 potions of curing {unknown}
 i - a potion of enlightenment {unknown}
 m - a potion of resistance {unknown}


   Skills:
 - Level 1.5 Dodging
 - Level 3.0 Stealth
 + Level 3.4 Spellcasting
 - Level 1.0 Conjurations
 * Level 6.4 Alchemy


You had 2 spell levels left.
You knew the following spells:

 Your Spells              Type           Power      Damage    Failure   Level
a - Sting                 Conj/Alch      60%        1d6       3%          1
b - Mephitic Cloud        Conj/Alch/Air  11%        N/A       19%         3
c - Olgreb's Toxic Radia  Alch           24%        N/A       12%         4

Your spell library contained the following spells:

 Spells                   Type           Power      Damage    Failure   Level
 Mercury Vapours          Alch/Air       26%        N/A       7%          2
 Freeze                   Ice            8%         1d3       17%         1
 Hailstorm                Conj/Ice       4%         3d5       38%         3
 Sticky Flame             Fire/Alch      13%        2d5       41%         4
 Frozen Ramparts          Ice            4%         1d1       45%         3
 Summon Ice Beast         Ice/Summ       2%         N/A       45%         3
 Tukima's Dance           Hex            2%         N/A       45%         3
 Yara's Violent Unravell  Hex/Alch       6%         3d5       77%         5
 Passage of Golubria      Tloc           2%         N/A       86%         4
 Summon Mana Viper        Hex/Summ       2%         N/A       99%         5
 Monstrous Menagerie      Summ           1%         N/A       100%        7


Dungeon Overview and Level Annotations

Branches:
Dungeon (3/15)

Altars:
Ashenzari

Annotations:
D:1 2 transporters
D:2 1 runed translucent door, Crazy Yiuf


Innate Abilities, Weirdness & Mutations

Your serpentine skin is tough. (AC +1)
You have supernaturally acute eyesight. (SInv)
Armour fits poorly on your strangely shaped body.
Your system is resistant to poisons. (rPois)
You cover ground very slowly.
You can spit poison.
You have a snake-like lower body.


Message History

Press: ? - help, Q - select action, (/) - cycle Shift-Dir - straight line, f/p - adder
Aim: an adder (57% to hit)
You miscast Sting.
You are very lightly contaminated with residual magic.
Nothing appears to happen.
The adder bites you but does no damage.
Aiming: Sting (safe; 3% risk of failure)
Press: ? - help, Q - select action, (/) - cycle Shift-Dir - straight line, f/p - adder
Aim: an adder (57% to hit)
The sting misses the adder.
The adder closely misses you. The adder bites you but does no damage.
Unknown command.
Aiming: Sting (safe; 3% risk of failure)
Press: ? - help, Q - select action, (/) - cycle Shift-Dir - straight line, f/p - adder
Aim: an adder (57% to hit)
The sting hits the adder.
The adder is poisoned.
The adder is heavily wounded.
The adder bites you.
Aiming: Sting (safe; 3% risk of failure)
Press: ? - help, Q - select action, (/) - cycle Shift-Dir - straight line, f/p - adder
Aim: an adder (severely wounded, poisoned, 57% to hit)
The sting misses the adder.
You have got your breath back.
The adder bites you.
Saving game... please wait.
Welcome back, BubbleThief the Naga Alchemist.
Press ? for a list of commands and other information.
Unknown command.
Unknown command.
Unknown command.
Aiming: Spit Poison (1% risk of failure)
Press: ? - help, Shift-Dir - straight line, f - adder
Aim: an adder (severely wounded, poisoned, 37% to hit)
Okay, then.
Aiming: Spit Poison (1% risk of failure)
Press: ? - help, Shift-Dir - straight line, f - adder
Aim: an adder (severely wounded, poisoned, 37% to hit)
The splash of poison misses the adder.
The adder bites you but does no damage. x2
Unknown command.
Are you sure you want to abandon this character and quit the game? (Confirm with "yes".)

.. .>. #.. . ...#######
#...... .........#
#####......#
.........####......... .
.........##....####.####
......)..##.#..##.....##
......S@.##.##.#.......#
.........##.##.#.......#
.........'..#<....._....
?$.......###...#.......#
.........+.....#.......#
.........#####.##.....##
.........# #.####.####
.........# #.........)
.##+##..# ........#.#


You could see an adder (poisoned).

Vanquished Creatures
  2 orc wizards (D:3)
  Robin (D:3)
  4 adders
  2 dart slugs
  A ribbon worm (D:2)
  3 orcs
  9 ball pythons
  5 bats
  3 endoplasms
  4 giant cockroaches
  14 goblins
  9 hobgoblins
  2 jackals (D:1)
  A quokka (D:1)
  5 frilled lizards
  7 kobolds
  4 rats
76 creatures vanquished.

Notes
Turn   | Place    | Note
-------+----------+-------------------------------------------
     0 | D:1      | BubbleThief the Naga Alchemist began the quest for the Orb.
     0 | D:1      | Reached XP level 1. HP: 15/15 MP: 3/3
   112 | D:1      | Reached skill level 4 in Alchemy
   115 | D:1      | Reached XP level 2. HP: 21/22 MP: 3/5
   527 | D:1      | Reached XP level 3. HP: 28/28 MP: 3/6
   579 | D:1      | Found a faded altar of an unknown god.
  1185 | D:2      | Reached skill level 5 in Alchemy
  1421 | D:2      | Reached XP level 4. HP: 36/36 MP: 8/8
  1897 | D:2      | Found a runed translucent door.
  1898 | D:2      | Noticed Crazy Yiuf
  2016 | D:3      | Learned a level 3 spell: Mephitic Cloud
  2021 | D:3      | Learned a level 4 spell: Olgreb's Toxic Radiance
  2107 | D:3      | Noticed Robin
  2112 | D:3      | Killed Robin
  2265 | D:3      | Reached skill level 6 in Alchemy
  2265 | D:3      | Reached XP level 5. HP: 37/42 MP: 1/9
  2362 | D:3      | Upgraded the game from 0.32-a0-18-g89e19f1974 to
                  | 0.32-a0-20-ge526923d97
  2407 | D:3      | Found a broken altar of Ashenzari.
  2473 | D:3      | Upgraded the game from 0.32-a0-20-ge526923d97 to
                  | 0.32-a0-43-g058985b245
  2474 | D:3      | Quit the game

Illustrated notes

Levels and vault maps discovered:
D:1:      spicycebolla_arrival_transporter_tutorial, layout_basic,
          shapermc_ecumenical_altar_mp_ritualfount
D:2:      layout_loops_ring, minmay_door_square, uniq_crazy_yiuf_cottage
D:3:      layout_basic, old_standard_altar, gammafunk_ghost_stat_death,
          kennysheep_cross_room, roderic_filled_cross, uniq_grinder, uniq_robin

Skill      XL: |  1  2  3  4 |
---------------+-------------+-----
Alchemy        | 4 5 6 |  6.4
Spellcasting   | 3 |  3.4
Dodging        | |  1.5
Stealth        | |  3.0
Conjurations   | |  1.0

Action                     |  1- 3 |  4- 6 || total
---------------------------+-------+-------++-------
  Melee: Unarmed           |     1 |       ||     1
         Dagger            |     9 |    15 ||    24
   Cast: Sting             |    41 |    29 ||    70
         Olgreb's Toxic Ra |       |     4 ||     4
Ability: Spit Poison       |    29 |    23 ||    52
 Armour: Robe              |    26 |    35 ||    61
  Dodge: Dodged            |    24 |    20 ||    44

Table legend: (Time is in decaauts)
 A = Elapsed time spent in this place.
 B = Non-inter-level travel time spent in this place.
 C = Inter-level travel time spent in this place.
 D = Time resting spent in this place.
 E = Time spent auto-exploring this place.
 F = Levels seen in this place.
 G = Mean time per level.
                   A        B        C        D        E       F      G
               +--------+--------+--------+--------+--------+-----+--------+
         Total |   3093 |   2990 |    103 |    186 |   2287 |   3 | 1031.0 |
       Dungeon |   3093 |   2990 |    103 |    186 |   2287 |   3 | 1031.0 |
               +--------+--------+--------+--------+--------+-----+--------+

Top non-repeatable levels by time:
     D:2: 1392 daAuts
     D:1: 1384 daAuts
     D:3: 316 daAuts
